 Dungeon Crawl Stone Soup version 0.27.1-1-g398f81649c (webtiles) character file.

Game seed: 11684473212799189710

93 AZSletch the Grasshopper (level 4, 0/38 HPs)
             Began as a Gnoll Warper on Sept 15, 2021.
             Succumbed to an adder's poison
             ... in a sewer.
             The game lasted 00:10:31 (2458 turns).

AZSletch the Grasshopper (Gnoll Warper)             Turns: 2458, Time: 00:10:32

Health: 0/38       AC:  4    Str: 11    XL:     4   Next: 62%
Magic:  6/11       EV:  9    Int: 13    God:
Gold:   89         SH:  0    Dex: 11    Spells: 6/13 levels left

rFire    . . .     SeeInvis .   k - +2 dagger (venom)
rCold    . . .     Faith    .   (no shield)
rNeg     . . .     Spirit   .   b - +0 leather armour
rPois    .         Reflect  .   (no helmet)
rElec    .         Harm     .   (no cloak)
rCorr    .         Rampage  .   e - +0 pair of gloves
Will     .....                  (no boots)
Stlth    +.........             (no amulet)
HPRegen  0.12/turn              (no ring)
MPRegen  0.12/turn              (no ring)

@: lethally poisoned (0 -> -6), constricted, very slow
A: fangs 1, strong nose, distributed training
a: no special abilities


You were in a sewer.
You visited 1 branch of the dungeon, and saw 3 of its levels.
You also visited: Sewer.

You collected 89 gold pieces.

Inventory:

Hand Weapons
 a - a +0 spear
 k - a +2 dagger of venom (weapon)
Missiles
 d - 5 boomerangs of dispersal
 g - a javelin (quivered)
 j - 63 stones
Armour
 b - a +0 leather armour (worn)
 e - a +0 pair of gloves (worn)
Scrolls
 c - a scroll of blinking
 f - a scroll of immolation {unknown}
 h - a scroll of teleportation {unknown}
 i - 3 scrolls of identify {unknown}
 l - a scroll of fog {unknown}
 m - a scroll of silence {unknown}


   Skills:
 + Level 4.6 Fighting
 + Level 1.2 Short Blades
 + Level 1.2 Long Blades
 + Level 1.2 Axes
 + Level 1.2 Maces & Flails
 + Level 4.6 Polearms
 + Level 1.2 Staves
 + Level 1.2 Slings
 + Level 1.2 Bows
 + Level 1.2 Crossbows
 + Level 2.8 Throwing
 + Level 2.8 Armour
 + Level 4.6 Dodging
 + Level 1.2 Stealth
 + Level 1.2 Shields
 + Level 1.2 Unarmed Combat
 + Level 5.1 Spellcasting
 + Level 1.0 Conjurations
 + Level 1.0 Hexes
 + Level 1.0 Summonings
 + Level 1.0 Necromancy
 + Level 5.5 Translocations
 + Level 1.0 Transmutations
 + Level 1.0 Fire Magic
 + Level 1.0 Ice Magic
 + Level 1.0 Air Magic
 + Level 1.0 Earth Magic
 + Level 1.0 Poison Magic
 + Level 1.3 Invocations
 + Level 1.2 Evocations


You had 6 spell levels left.
You knew the following spells:

 Your Spells              Type           Power      Damage    Failure   Level
a - Blink                 Tloc           N/A        N/A       3%          2
b - Teleport Other        Tloc           17%        N/A       8%          3
c - Call Imp              Summ           5%         N/A       24%         2

Your spell library contained the following spells:

 Spells                   Type           Power      Damage    Failure   Level
 Gell's Gravitas          Tloc           8%         N/A       8%          3
 Lesser Beckoning         Tloc           8%         N/A       8%          3
 Magic Dart               Conj           20%        1d4       16%         1
 Mephitic Cloud           Conj/Pois/Air  5%         N/A       43%         3
 Manifold Assault         Tloc           17%        N/A       56%         5


Dungeon Overview and Level Annotations

Branches:
Dungeon (3/15)              Sewer (1/1)

Altars:

Annotations:
Sewer Purgy


Innate Abilities, Weirdness & Mutations

You have very sharp teeth.
Your uncanny sense of smell can sniff out nearby items.
Your experience applies equally to all skills.


Message History

Splash!
The adder bites you but does no damage.
You closely miss the adder. The adder bites you.
You are poisoned.
The adder poisons you!
Your unstable footing causes you to fumble your attack.
You feel sick. The adder barely misses you. The ball python barely misses you.
The ball python grabs you. The ball python constricts you. The adder bites you.
You are more poisoned.
The adder poisons you!
Your unstable footing causes you to fumble your attack.
You feel sick. The ball python barely misses you.
The ball python constricts you. The adder bites you.
* * * LOW HITPOINT WARNING * * *
You are lethally poisoned!
The adder poisons you!
You closely miss the adder.
* * * LOW HITPOINT WARNING * * *
You feel very sick.
The ball python bites you but does no damage.
The ball python constricts you. The adder barely misses you.
You escape the ball python's grasp.
* * * LOW HITPOINT WARNING * * *
You feel very sick. The adder barely misses you.
The ball python barely misses you. x2
You hit the adder. Your bite misses the adder.
The adder is lightly wounded.
* * * LOW HITPOINT WARNING * * *
You feel sick. The adder closely misses you.
The ball python bites you but does no damage.
The ball python grabs you. The ball python constricts you.
The adder barely misses you.
Your unstable footing causes you to fumble your attack.
* * * LOW HITPOINT WARNING * * *
You feel sick.
The ball python bites you but does no damage.
The ball python constricts you. The adder closely misses you.
You hit the adder.
The adder is poisoned.
The adder is lightly wounded.
You die...

≈≈####≈≈##≈≈≈##
≈≈≈≈≈≈≈≈≈≈≈≈≈≈#≈#
≈≈≈≈≈≈≈≈≈≈≈≈≈≈≈≈#
≈≈≈≈≈≈≈≈≈≈≈≈≈≈≈≈≈
≈≈≈≈≈≈≈≈≈≈≈≈≈≈≈≈≈≈≈###
≈≈≈≈≈≈≈≈≈≈≈≈≈≈≈≈≈≈≈≈≈#
≈≈≈≈≈≈≈≈S≈≈≈≈≈≈≈≈≈≈≈≈#
≈≈≈≈≈≈≈@S≈≈≈≈≈≈≈≈≈≈≈≈≈
≈≈≈≈≈.###≈≈≈≈≈≈≈≈≈≈≈≈≈
≈≈≈≈. ##T≈≈≈≈≈≈≈≈≈≈≈≈≈
≈≈≈. #..≈≈≈≈≈≈≈≈≈≈≈
≈≈≈≈≈ ≈.≈
##≈≈≈≈≈≈≈≈≈≈≈ ≈≈≈≈≈≈
≈# ##..≈≈≈≈≈≈≈≈
≈≈≈≈≈≈≈ ###≈≈≈≈≈≈≈≈
#≈≈≈≈≈≈≈ #.≈≈≈≈≈≈
≈≈≈≈≈≈.## #.≈≈≈≈≈


You could see Purgy (very poisoned), an adder (very poisoned) and a ball python.

Vanquished Creatures
  3 adders (D:2)
  2 worms
  3 dart slugs
  7 ball pythons
  2 endoplasms (D:1)
  A giant cockroach (D:1)
  5 goblins
  4 hobgoblins (D:1)
  4 jackals (D:1)
  2 quokkas (D:1)
  7 bats
  3 frilled lizards
  4 kobolds
  4 rats
51 creatures vanquished.

Notes
Turn   | Place    | Note
-------+----------+-------------------------------------------
     0 | D:1      | AZSletch the Gnoll Warper began the quest for the Orb.
     0 | D:1      | Reached XP level 1. HP: 20/20 MP: 6/6
   171 | D:1      | Reached XP level 2. HP: 26/26 MP: 7/7
   174 | D:1      | Learned a level 2 spell: Blink
   454 | D:1      | Found a faded altar of an unknown god.
   545 | D:1      | Reached XP level 3. HP: 31/31 MP: 9/9
   572 | D:1      | Reached skill level 5 in Spellcasting
  1204 | D:2      | Learned a level 3 spell: Teleport Other
  1211 | D:2      | Reached skill level 1 in Invocations
  1497 | D:2      | Reached skill level 1 in Short Blades
  1497 | D:2      | Reached skill level 1 in Long Blades
  1497 | D:2      | Reached skill level 1 in Axes
  1497 | D:2      | Reached skill level 1 in Maces & Flails
  1497 | D:2      | Reached skill level 1 in Staves
  1497 | D:2      | Reached skill level 1 in Slings
  1497 | D:2      | Reached skill level 1 in Bows
  1497 | D:2      | Reached skill level 1 in Crossbows
  1497 | D:2      | Reached skill level 1 in Stealth
  1497 | D:2      | Reached skill level 1 in Shields
  1497 | D:2      | Reached skill level 1 in Unarmed Combat
  1497 | D:2      | Reached skill level 1 in Evocations
  1670 | D:2      | Reached XP level 4. HP: 38/38 MP: 11/11
  2332 | D:2      | Learned a level 2 spell: Call Imp
  2354 | D:3      | Found a glowing drain.
  2367 | D:3      | Reached skill level 1 in Conjurations
  2367 | D:3      | Reached skill level 1 in Hexes
  2367 | D:3      | Reached skill level 1 in Summonings
  2367 | D:3      | Reached skill level 1 in Necromancy
  2367 | D:3      | Reached skill level 1 in Transmutations
  2367 | D:3      | Reached skill level 1 in Fire Magic
  2367 | D:3      | Reached skill level 1 in Ice Magic
  2367 | D:3      | Reached skill level 1 in Air Magic
  2367 | D:3      | Reached skill level 1 in Earth Magic
  2367 | D:3      | Reached skill level 1 in Poison Magic
  2389 | Sewer    | Entered a sewer
  2436 | Sewer    | Noticed Purgy
  2458 | Sewer    | Succumbed to an adder's poison

Illustrated notes

Levels and vault maps discovered:
D:1:      saegor_arrival_simple_c, layout_basic,
          chequers_ecumenical_altar_simple
D:2:      layout_loops_corners
D:3:      layout_loops_ring, cheibrodos_sewer_entry_sluice, serial_shops,
          nicolae_shop_trees, kennysheep_cross_bottleneck, grunt_decor_fettered,
          minmay_goblin_outpost, uniq_natasha, uniq_terence
Sewer:    sewer_co_purgy_island

Skill      XL: |  1  2  3  4 |
---------------+-------------+-----
Spellcasting   | 5 |  5.1
Invocations    | 1 |  1.3
Short Blades   | 1 |  1.2
Long Blades    | 1 |  1.2
Axes           | 1 |  1.2
Maces & Flails | 1 |  1.2
Staves         | 1 |  1.2
Slings         | 1 |  1.2
Bows           | 1 |  1.2
Crossbows      | 1 |  1.2
Stealth        | 1 |  1.2
Shields        | 1 |  1.2
Unarmed Combat | 1 |  1.2
Evocations     | 1 |  1.2
Conjurations   | 1 |  1.0
Hexes          | 1 |  1.0
Summonings     | 1 |  1.0
Necromancy     | 1 |  1.0
Transmutations | 1 |  1.0
Fire Magic     | 1 |  1.0
Ice Magic      | 1 |  1.0
Air Magic      | 1 |  1.0
Earth Magic    | 1 |  1.0
Poison Magic   | 1 |  1.0
Fighting       | |  4.6
Polearms       | |  4.6
Throwing       | |  2.8
Armour         | |  2.8
Dodging        | |  4.6
Translocations | |  5.5

Action                   |  1- 3 |  4- 6 || total
-------------------------+-------+-------++-------
Melee: Spear             |   156 |       ||   156
       Bite              |     5 |     1 ||     6
       Dagger            |       |    59 ||    59
       Punch             |       |     1 ||     1
Throw: Stone             |     6 |       ||     6
       Javelin           |     4 |     5 ||     9
 Cast: Teleport Other    |     3 |       ||     3
       Blink             |       |     3 ||     3
 Stab: Sleeping          |     2 |     1 ||     3
Armor: Leather armour    |    28 |    20 ||    48
Dodge: Dodged            |    74 |    50 ||   124
